 Dungeon Crawl Stone Soup version 0.25.1-9-gc5326a611f (webtiles) character file.

Game seed: 10204818888329983056

435 Johnny the Digger (level 6, -2/32 HPs)
             Began as a Deep Elf Earth Elementalist on Mar 13, 2021.
             Slain by an ogre
             ... wielding a +0 giant club
              (6 damage)
             ... on level 4 of the Dungeon.
             The game lasted 00:03:50 (5688 turns).

Johnny the Digger (Deep Elf Earth Elementalist)     Turns: 5688, Time: 00:03:51

Health: -2/32      AC:  2    Str:  5    XL:     6   Next: 68%
Magic:  13/17      EV:  9    Int: 22    God:
Gold:   220        SH:  0    Dex: 15    Spells: 16/17 levels left

rFire    . . .     SeeInvis .   f - +3 dagger
rCold    . . .     Gourm    .   (no shield)
rNeg     . . .     Faith    .   c - +0 robe
rPois    .         Spirit   .   (no helmet)
rElec    .         Reflect  .   (no cloak)
rCorr    .         Harm     .   (no gloves)
MR       .....                  (no boots)
Stlth    ++........             (no amulet)
HPRegen  0.10/turn              i - -4 ring of evasion (curse)
MPRegen  0.15/turn              (no ring)

@: very slightly contaminated
A: no striking features
a: no special abilities


You were on level 4 of the Dungeon.
You were not hungry.

You visited 1 branch of the dungeon, and saw 4 of its levels.

You collected 220 gold pieces.

Inventory:

Hand Weapons
 f - a +3 dagger (weapon)
Missiles
 b - 35 stones (quivered)
Armour
 c - a +0 robe (worn)
Jewellery
 i - a cursed -4 ring of evasion (left hand)
 u - a cursed amulet of inaccuracy {unknown}
Scrolls
 g - 2 scrolls of fear {unknown}
 h - a scroll of amnesia {unknown}
 k - a scroll of blinking {unknown}
 l - 2 scrolls of teleportation {unknown}
 m - 2 scrolls of enchant armour {unknown}
 p - 3 scrolls of remove curse {unknown}
 q - a scroll of noise {unknown}
 r - 2 scrolls of magic mapping {unknown}
 s - a scroll of fog {unknown}
 w - a scroll of random uselessness {unknown}
Potions
 a - a potion of mutation {unknown}
 e - a potion of stabbing {unknown}
 j - a potion of heal wounds {unknown}
 n - a potion of degeneration {unknown}
 o - a potion of magic {unknown}
 t - 2 potions of haste {unknown}
Comestibles
 d - 8 rations


   Skills:
 - Level 2.4 Dodging
 - Level 2.4 Stealth
 + Level 6.0 Spellcasting
   Level 1.1 Transmutations
 * Level 7.1 Earth Magic


You had 16 spell levels left.
You knew the following spells:

 Your Spells              Type           Power        Failure   Level  Hunger
a - Sandblast             Erth           #####.       1%          1    None

Your spell library contained the following spells:

 Spells                   Type           Power        Failure   Level  Hunger
 Passwall                 Tmut/Erth      ###.....     2%          2    None
 Stone Arrow              Conj/Erth      ###...       6%          3    #......
 Lee's Rapid Deconstruct  Erth           #####.....   14%         5    #####..
 Petrify                  Tmut/Erth      ###.....     17%         4    ###....


Dungeon Overview and Level Annotations

Branches:
Dungeon (4/15)
 Temple: D:4-7

Altars:
Ashenzari
Hepliaklqana
Sif Muna
Yredelemnul


Message History

You are very lightly contaminated with residual magic.
Nothing appears to happen.
The ogre hits you with a +0 giant club!
* * * LOW HITPOINT WARNING * * *
Casting: Sandblast (safe; 1% risk of failure)
Confirm with . or Enter, or press ? or * to list all spells.
Aiming: Sandblast (safe; 1% risk of failure)
Press: ? - help, Shift-Dir - straight line, f/p - ogre
Aim: an ogre, wielding a +0 giant club The blast of sand hits the ogre but does no damage.
b - 36 stones
Casting: Sandblast (safe; 1% risk of failure)
Confirm with . or Enter, or press ? or * to list all spells.
Aiming: Sandblast (safe; 1% risk of failure)
Press: ? - help, Shift-Dir - straight line, f/p - ogre
Aim: an ogre, wielding a +0 giant club The blast of sand hits the ogre!
The ogre is moderately wounded.
b - 35 stones The ogre hits you with a +0 giant club.
You die...

#### ...# #.# ##.#############.#
...............#.#########+###
.#.########....#.##..........#
.#.##.....#....#.##..........#
.#.#...........#.##...>......#
.#.#...........#O##..........####
.#.#...........#@##..............
.#.#...^.......#.................
.#.##.###.####.###########.#.####
.#.##(###.# #.#.........#.#...
##.#....#.# #.#.#######.#.#..###
.#.#......####.#......##.#.#.....
.#########...#.#...........).....
.# ##>## ###.#.#.############....
.# 8...8 #.....#.≈÷≈≈≈≈≈.≈#.#.###


You could see an ogre.

Vanquished Creatures
  An ogre (D:4)
  A bullfrog zombie (D:4)
  A hound (D:4)
  An orc priest (D:3)
  3 orc wizards
  Jessica (D:2)
  6 adders
  2 worms (D:2)
  2 leopard geckos
  9 orcs
  A ball python (D:1)
  4 bats
  A giant cockroach (D:3)
  2 gnoll zombies (D:3)
  6 hobgoblins
  6 jackals (D:2)
  A kobold (D:3)
  4 quokkas
  2 ball python skeletons (D:4)
  A frilled lizard (D:1)
  15 goblins
  6 rats
76 creatures vanquished.

Notes
Turn   | Place    | Note
-------+----------+-------------------------------------------
     0 | D:1      | Johnny the Deep Elf Earth Elementalist began the quest for
                  | the Orb.
     0 | D:1      | Reached XP level 1. HP: 10/10 MP: 6/6
    18 | D:1      | Noticed a minotaur skeleton
   671 | D:1      | Reached XP level 2. HP: 7/15 MP: 0/8
  1345 | D:1      | Reached skill level 4 in Earth Magic
  1787 | D:2      | Reached XP level 3. HP: 16/19 MP: 7/10
  1898 | D:2      | Found a shattered altar of Ashenzari.
  2207 | D:2      | Noticed Jessica
  2215 | D:2      | Killed Jessica
  2401 | D:2      | Reached XP level 4. HP: 24/24 MP: 12/12
  2720 | D:3      | Reached skill level 5 in Earth Magic
  3204 | D:3      | Reached XP level 5. HP: 28/28 MP: 10/13
  3217 | D:3      | Reached skill level 5 in Spellcasting
  3432 | D:3      | Reached skill level 6 in Earth Magic
  3727 | D:3      | Found a basalt altar of Yredelemnul.
  3747 | D:3      | Found a shimmering blue altar of Sif Muna.
  3748 | D:3      | Found a hazy altar of Hepliaklqana.
  4810 | D:4      | Noticed an ogre
  4817 | D:4      | Killed an ogre
  4817 | D:4      | Reached XP level 6. HP: 32/32 MP: 10/16
  5151 | D:4      | Reached skill level 7 in Earth Magic
  5688 | D:4      | Slain by an ogre

Illustrated notes

Levels and vault maps discovered:
D:1:      shiori_arrival_whats_in_store_for_you, layout_basic, serial_bayou,
          serial_bayou_shore_b, serial_bayou_pond_a, serial_bayou_pond_b,
          serial_bayou_lagoon_a
D:2:      layout_basic, old_standard_altar, first_ration, uniq_jessica
D:3:      layout_basic, lemuel_zombie_altar_yredelemnul,
          chequers_temple_overflow_statue_of_worship, kennysheep_generic_room_15
D:4:      layout_basic, nicolae_overflow_hidden_temple, portal_sewer_entry_d,
          kennysheep_generic_room_4

Skill      XL: |  1  2  3  4  5  6 |
---------------+-------------------+-----
Earth Magic    | 4 5 6 7 |  7.1
Spellcasting   | 4 5 6 |  6.0
Dodging        | |  2.4
Stealth        | |  2.4
Transmutations | |  1.1

Action                   |  1- 3 |  4- 6 || total
-------------------------+-------+-------++-------
Melee: Unarmed           |    13 |       ||    13
       Dagger            |    41 |    43 ||    84
       Mace              |       |    16 ||    16
 Cast: Sandblast         |    25 |    58 ||    83
 Stab: Sleeping          |     4 |     3 ||     7
  Eat: Chunk             |     4 |    11 ||    15
Armor: Robe              |     7 |    19 ||    26
Dodge: Dodged            |    50 |    52 ||   102
